 Dungeon Crawl Stone Soup version 0.29.1-2-gbd0b4ee654 (webtiles) character file.

Game seed: 14844035900076002421

53 sanboga the Trooper (level 3, 0/24 HPs)
             Began as a Gargoyle Fighter on Oct 27, 2022.
             Killed from afar by an orc wizard (4 damage)
             ... with a puff of flame
             ... on level 3 of the Dungeon.
             The game lasted 00:01:36 (1776 turns).

sanboga the Trooper (Gargoyle Fighter)              Turns: 1776, Time: 00:01:36

Health: 0/24       AC: 10    Str: 21    XL:     3   Next: 87%
Magic:  3/3        EV:  9    Int:  8    God:
Gold:   124        SH:  4    Dex:  9    Spells: 2/2 levels left

rFire   . . .      SeeInvis .   a - +0 war axe
rCold   . . .      Faith    .   c - +0 buckler
rNeg    + . .      Spirit   .   b - +0 scale mail
rPois   ∞          Reflect  .   (no helmet)
rElec   +          Harm     .   (no cloak)
rCorr   .          Rampage  .   (no gloves)
Will    .....                   (no boots)
Stlth   ..........              (no amulet)
HPRegen 0.08/turn               (no ring)
MPRegen 0.08/turn               (no ring)

@: no status effects
A: sickness immunity, AC +3, negative energy resistance 1, electricity
resistance, torment resistance 1, petrification resistance
a: no special abilities


You were on level 3 of the Dungeon.
You visited 1 branch of the dungeon, and saw 3 of its levels.

You collected 124 gold pieces.

Inventory:

Hand Weapons
 a - a +0 war axe (weapon)
Armour
 b - a +0 scale mail (worn)
 c - a +0 buckler (worn)
Jewellery
 i - a ring of fire
Wands
 k - a wand of polymorph (8)
Scrolls
 e - a scroll of amnesia {unknown}
 g - a scroll of poison {unknown}
 h - a scroll of identify {unknown}
 j - a scroll of blinking {unknown}
Potions
 d - a potion of might
 f - a potion of berserk rage {unknown}
 l - a potion of magic {unknown}


   Skills:
 + Level 3.7 Fighting
 * Level 2.7 Axes
 + Level 3.7 Armour
 + Level 3.7 Shields


You had 2 spell levels left.
You didn't know any spells.
Your spell library was empty.

Dungeon Overview and Level Annotations

Branches:
Dungeon (3/15)

Altars:


Innate Abilities, Weirdness & Mutations

You are immune to sickness and miasma.
Your stone body is resilient. (AC +3)
You are immune to poison.
You resist negative energy. (rN+)
You are resistant to electric shocks. (rElec)
You are resistant to unholy torment.
You are immune to petrification.


Message History

No target in view!
No target in view!
There is a stone staircase leading up here.
l - a fizzy black potion An endoplasm comes into view.
The endoplasm quivers.
An endoplasm is nearby!
The endoplasm freezes you.
You are frozen.
You completely miss the endoplasm. The endoplasm barely misses you.
You hit the endoplasm.
The endoplasm is severely wounded.
You block the endoplasm's attack. The endoplasm closely misses you.
You slash the endoplasm!
You kill the endoplasm!
No target in view!
HP restored.
As you open the door, it creaks loudly!
There is an open door here.
An orc wizard and an orc come into view.
The orc wizard shouts!
The orc shouts!
You hear a shout! x2
An orc comes into view. It is wielding a +0 war axe.
An orc comes into view. It is wielding a +0 whip.
The orc shouts!
An orc comes into view. It is wielding a +0 dagger.
The orc shouts!
An orc priest comes into view. It is wielding a +0 club.
The orc wizard points at you and mumbles some strange words.
The puff of flame hits you.
You closely miss the orc wizard. You hit the orc but do no damage.
You closely miss the orc wizard. You hit the orc. x2
The orc wizard hits you but does no damage.
The orc hits you but does no damage. The orc hits you with a +0 war axe.
The orc priest calls down the wrath of Beogh upon you.
Beogh smites you!
Ouch! That really hurt!
* * * LOW HITPOINT WARNING * * *
The orc wizard gestures at you while chanting.
The puff of flame hits you.
You die...

#.######.# ###........#
#...#########
######...##.......
..##.'............
#######.##.#...##.......
........##.#...##.......
.~...~.o##.#...##.......
.....oo@...#...##.......
......ooo..#...#########
..........##...#
.~...~..#.######
........#.# #######.#.#
..#.# ###.#


You could see an orc priest, an orc wizard and 4 orcs.

Vanquished Creatures
  A gnoll (D:1)
  5 bats
  7 endoplasms
  2 giant cockroaches
  2 goblins
  4 hobgoblins
  9 jackals
  A quokka (D:1)
  A ball python (D:2)
  3 rats
35 creatures vanquished.

Vanquished Creatures (others)
  4 plants (D:1)
4 creatures vanquished.

Grand Total: 39 creatures vanquished

Notes
Turn   | Place    | Note
-------+----------+-------------------------------------------
     0 | D:1      | sanboga the Gargoyle Fighter began the quest for the Orb.
     0 | D:1      | Reached XP level 1. HP: 14/14 MP: 1/1
   325 | D:1      | Reached XP level 2. HP: 19/19 MP: 2/2
   489 | D:1      | Reached XP level 3. HP: 23/23 MP: 3/3
   491 | D:1      | Found a faded altar of an unknown god.
  1776 | D:3      | Killed from afar by an orc wizard

Illustrated notes

Levels and vault maps discovered:
D:1:      giann_horns, layout_basic, basic_ecumenical_altar, st_stairs_7,
          wad_floor_pattern_2, serial_bayou_lagoon_b
D:2:      layout_basic
D:3:      cheibrodos_pilgrimage, layout_basic, kennysheep_orc_sif_temple,
          kennysheep_jessica_study

Skill      XL: |  1 |
---------------+----+-----
Axes           | 2 |  2.7
Fighting       | |  3.7
Armour         | |  3.7
Shields        | |  3.7

Action                   || total
-------------------------++-------
Melee: War axe           ||    84
Armor: Scale mail        ||    57
Dodge: Dodged            ||    61
Block: Buckler           ||    19
